 Dungeon Crawl Stone Soup version 0.31-a0-246-g8cbcc1cb85 (webtiles) character file.

Game seed: 17027031879947247075

3516 qw the Skirmisher (level 9, -16/81 HPs)
             Began as a Minotaur Hexslinger on July 12, 2023.
             Was a Follower of Okawaru.
             Demolished by a komodo dragon (18 damage)
             ... on level 7 of the Dungeon.
             The game lasted 00:02:51 (8498 turns).

qw the Skirmisher (Minotaur Hexslinger)             Turns: 8498, Time: 00:02:52

Health: -16/81     AC:  9    Str: 13    XL:     9   Next: 81%
Magic:  9/11       EV: 15    Int: 10    God:    Okawaru [*.....]
Gold:   59         SH:  0    Dex: 17    Spells: 9/10 levels left

rFire   . . .        k - +0 longbow
rCold   . . .        (shield currently unavailable)
rNeg    . . .        c - +0 ring mail
rPois   .            (helmet restricted)
rElec   .            (no cloak)
rCorr   .            (no gloves)
SInv    .            a - +1 pair of boots
Will    .....        (no amulet)
Stlth   ++           (no ring)
HPRegen 0.33/turn    (no ring)
MPRegen 0.12/turn

%: no passive effects
@: lethally poisoned (-16 -> -26), about to teleport, heroic
A: horns 2, retaliatory headbutt
a: Renounce Religion, Heroism


You were on level 7 of the Dungeon.
You worshipped Okawaru.
Okawaru was aware of your devotion.
You visited 2 branches of the dungeon, and saw 8 of its levels.

You collected 364 gold pieces.
You spent 305 gold pieces at shops.


Innate Abilities, Weirdness & Mutations

You have a pair of horns on your head.
You reflexively headbutt those who attack you in melee.


   Skills:
 - Level 8.0(13.0) Fighting
 - Level 12.0(17.0) Ranged Weapons
 - Level 3.1(8.1) Armour
 + Level 4.0(9.0) Dodging
 - Level 1.0 Spellcasting
 - Level 2.0 Hexes
 - Level 4.0 Invocations


You had 9 spell levels left.
You knew the following spells:

 Your Spells              Type           Power      Damage    Failure   Level
a - Slow                  Hex            16%        N/A       28%         1

Your spell library contained the following spells:

 Spells                   Type           Power      Damage    Failure   Level
 Inner Flame              Hex/Fire       2%         N/A       78%         3
 Portal Projectile        Hex/Tloc       4%         N/A       78%         3
 Cause Fear               Hex            2%         N/A       96%         4

Inventory:

Hand Weapons
 k - a +0 longbow (weapon)
Armour
 a - a +1 pair of boots (worn)
 c - a +0 ring mail (worn)
 f - a +0 cloak
Scrolls
 h - 4 scrolls of identify
Potions
 b - 2 potions of degeneration {unknown}
 e - 2 potions of resistance {unknown}
 g - a potion of might
 i - a potion of mutation {unknown}
 j - 2 potions of curing

Dungeon Overview and Level Annotations

Branches:
Dungeon (7/15)             Temple (1/1) D:4

Altars:
Ashenzari
Cheibriados
Dithmenos
Elyvilon
Gozag
Hepliaklqana
Kikubaaqudgha
Nemelex Xobeh
Okawaru
Sif Muna
Trog
Uskayaw
Vehumet
Wu Jian
Xom
Yredelemnul
Zin
The Shining One

Shops:
D:7 (*(

Annotations:
D:5 1 runed translucent door, Crazy Yiuf


Message History

The killer bee poisons you! The killer bee closely misses you.
8493 ||| INVOKING Heroism.
You gain the combat prowess of a mighty hero.
You feel very sick. The killer bee misses you. You furiously retaliate!
You headbutt the killer bee! The killer bee closely misses you.
You furiously retaliate!
You headbutt the killer bee!
You kill the killer bee!
Okawaru accepts your kill. The komodo dragon bites you!!
You hear an angry buzzing noise.
Your base Fighting skill increases to level 8!
You shoot an arrow.
The arrow barely misses the komodo dragon.
You feel very sick. The komodo dragon misses you. You furiously retaliate!
You headbutt the komodo dragon! You shoot an arrow.
The arrow closely misses the komodo dragon.
You feel sick.
A killer bee comes into view.
The killer bee stings you but does no damage.
The komodo dragon bites you but does no damage.
You shoot an arrow.
The arrow hits the komodo dragon but does no damage.
The komodo dragon is lightly wounded.
You feel sick. The killer bee completely misses you.
The killer bee barely misses you. The komodo dragon bites you!!
8497 ||| READING scroll of teleportation.
As you read the scroll of teleportation, it crumbles to dust.
You feel strangely unstable.
You feel sick. The killer bee stings you.
You are lethally poisoned!
The killer bee poisons you! The killer bee misses you.
The komodo dragon bites you but does no damage.
You shoot an arrow. The arrow hits the komodo dragon.
The komodo dragon is moderately wounded.
You feel sick. The killer bee completely misses you.
The killer bee barely misses you. The komodo dragon bites you!!
You die...

...)...>...#####.................
.......##........................
............####.....####........
.......##...#$.##...##.)#..#.###.
............#...##.##...#..#.# #.
........^...##flK#.#c..##..#.# ##
.............##o'#.#'.# ...#.#
.##.#..##.....###l))###....#.#
.##.#...........@.8........#.#
.##.##.#......###y..###....#.#
.##.##.#.....## '#.#'.# .....
.##.##.#....## .#.#...# #.#
............# .##.##...# #.#
............# # ...##.?#
.##.##...#..####..... ###
.##.##...#...........
.....................


You could see a komodo dragon and a killer bee.

Vanquished Creatures
  Grinder (D:3)
  4 vampire mosquitoes (D:6)
  4 hornet zombies
  An orc warrior (D:6)
  2 ice beasts
  A black bear (D:7)
  A sky beast (D:7)
  An ogre (D:4)
  2 centaurs
  2 bullfrogs
  2 scorpions
  A water moccasin zombie (D:6)
  11 wights
  A killer bee (D:7)
  5 bullfrog zombies (D:6)
  A human zombie (D:6)
  A hound (D:6)
  A centaur zombie (D:6)
  An orc priest (D:4)
  2 jellies
  A gnoll bouda (D:6)
  5 iguanas
  An orc wizard (D:5)
  A killer bee zombie (D:7)
  2 mummies (D:6)
  A howler monkey zombie (D:7)
  Robin (D:3)
  5 gnolls (D:6)
  8 adders
  A shadow imp (D:7)
  3 ufetubi
  2 dart slugs
  15 orcs
  10 ball pythons
  7 endoplasms
  5 giant cockroaches
  24 goblins
  6 hobgoblins
  2 jackals (D:1)
  3 quokkas
  2 bats (D:2)
  4 frilled lizards
  3 kobolds
  7 rats
164 creatures vanquished.

Notes
Turn   | Place    | Note
-------+----------+-------------------------------------------
     0 | D:1      | qw the Minotaur Hexslinger began the quest for the Orb.
     0 | D:1      | Reached XP level 1. HP: 16/16 MP: 1/1
     0 | D:1      | 0 ||| qw: Version: 0.3-a-52-g30416fa
     0 | D:1      | 0 ||| qw: Game counter: 6429
     0 | D:1      | 0 ||| qw: Melee chars always use a shield: true
     0 | D:1      | 0 ||| qw: God list: Okawaru
     0 | D:1      | 0 ||| qw: Allow faded altars: false
     0 | D:1      | 0 ||| qw: Do Orc after clearing Dungeon:15 true
     0 | D:1      | 0 ||| qw: Do second Lair branch before Depths: true
     0 | D:1      | 0 ||| qw: Lair rune preference: random
     0 | D:1      | 0 ||| qw: Goals: Normal
     0 | D:1      | 0 ||| PLANNING D:1-11
   352 | D:1      | Reached skill level 3 in Ranged Weapons
   352 | D:1      | Reached XP level 2. HP: 23/23 MP: 2/2
   599 | D:1      | Reached XP level 3. HP: 29/29 MP: 3/3
   966 | D:1      | 966 ||| DROPPING amulet of magic regeneration.
   967 | D:1      | 967 ||| DROPPING ring of magical power.
   968 | D:1      | 968 ||| READING scroll labelled CODOUR KAOTO.
   969 | D:1      | 969 ||| READING scroll labelled CIUNIR QAREPOK.
   970 | D:1      | 970 ||| READING scroll labelled USAONUCEO.
   971 | D:1      | 971 ||| READING scroll labelled KESTROZATAH.
   972 | D:1      | 972 ||| READING scroll labelled UMEENA OCVOTT.
   973 | D:1      | 973 ||| READING scroll labelled KIWOEB QELAUG.
   974 | D:1      | 974 ||| DROPPING scroll of poison.
  1031 | D:2      | Identified the orb of an ice cave {*Rage, Harm rF+++
                  | Regen+}
  1282 | D:2      | Reached skill level 4 in Ranged Weapons
  1550 | D:2      | 1550 ||| READING scroll labelled LUDUDE UFISIED.
  1604 | D:2      | 1604 ||| READING scroll labelled YHAXTE VANA.
  1605 | D:2      | 1605 ||| DRINKING 2 inky potions.
  1680 | D:3      | Reached XP level 4. HP: 36/36 MP: 4/4
  1835 | D:3      | Noticed Robin
  1836 | D:3      | Reached skill level 5 in Ranged Weapons
  1858 | D:3      | HP: 7/36 [Robin/+0 spear (6)]
  1859 | D:3      | HP: 3/36 [Robin/+0 spear (4)]
  1860 | D:3      | Killed Robin
  2209 | D:3      | Found a faded altar of an unknown god.
  2209 | D:3      | Noticed Grinder
  2220 | D:3      | Paralysed by Grinder for 2 turns
  2228 | D:3      | HP: 5/37 [Grinder/nerve-wracking pain (13)]
  2231 | D:3      | Killed Grinder
  2232 | D:3      | Reached XP level 5. HP: 8/48 MP: 5/5
  2232 | D:3      | Reached XP level 6. HP: 9/56 MP: 6/6
  2943 | D:3      | 2943 ||| UPGRADING to +0 leather armour.
  2953 | D:3      | 2953 ||| DROPPING +0 robe.
  2954 | D:3      | 2954 ||| READING scroll labelled XIUB ETHRUGHUO.
  2955 | D:3      | 2955 ||| DRINKING 2 orange potions.
  2956 | D:3      | 2956 ||| DROPPING potion of brilliance.
  3006 | D:4      | 3006 ||| STAIRDANCE
  3351 | D:4      | Found a staircase to the Ecumenical Temple.
  3352 | D:4      | 3352 ||| PLANNING TEMPLE
  3352 | D:4      | 3352 ||| READING scroll labelled UKINLO SOMEN.
  3353 | D:4      | 3353 ||| DRINKING 2 white potions.
  3354 | D:4      | 3354 ||| DRINKING 3 potions of curing.
  3354 | D:4      | 3354 ||| (to cure confusion)
  3355 | D:4      | 3355 ||| DROPPING potion of ambrosia.
  3365 | Temple   | Entered the Ecumenical Temple
  3372 | Temple   | 3372 ||| PLANNING OKAWARU WORSHIP
  3556 | Temple   | Became a worshipper of Warmaster Okawaru
  3557 | Temple   | 3557 ||| PLANNING D:1-11
  3605 | D:4      | 3605 ||| Stepping ~*~*~tactically~*~*~ (outnumbered).
  3767 | D:4      | Noticed an ice beast
  3776 | D:4      | Killed an ice beast
  3777 | D:4      | Reached skill level 6 in Ranged Weapons
  4008 | D:4      | Reached * piety under Okawaru
  4009 | D:4      | Reached XP level 7. HP: 61/61 MP: 7/7
  4047 | D:4      | 4047 ||| FLEEEEING.
  4048 | D:4      | 4048 ||| FLEEEEING.
  4049 | D:4      | 4049 ||| FLEEEEING.
  4050 | D:4      | 4050 ||| FLEEEEING.
  4164 | D:4      | You fall into a shaft and drop 1 floor!
  4164 | D:5      | Entered Level 5 of the Dungeon
  4169 | D:5      | 4169 ||| UPGRADING to +0 ring mail.
  4179 | D:5      | 4179 ||| DROPPING +0 leather armour.
  4338 | D:4      | Found an iron altar of Okawaru.
  4349 | D:4      | Found a broken altar of Ashenzari.
  4349 | D:4      | Found an opulent altar of Gozag.
  4353 | D:4      | Found a shimmering altar of Xom.
  4353 | D:4      | Found a broken altar of Ashenzari.
  4353 | D:4      | Found a glowing silver altar of Zin.
  4448 | D:5      | 4448 ||| INVOKING Heroism.
  4452 | D:5      | Reached skill level 1 in Armour
  4649 | D:5      | 4649 ||| SWAPPING to +0 orcbow.
  4650 | D:5      | 4650 ||| DROPPING +2 sling.
  4672 | D:5      | Reached skill level 7 in Ranged Weapons
  4737 | D:5      | Found a runed translucent door.
  4738 | D:5      | Noticed Crazy Yiuf
  4889 | D:5      | Reached skill level 8 in Ranged Weapons
  5238 | D:5      | 5238 ||| UPGRADING to +0 pair of boots.
  5243 | D:5      | 5243 ||| READING scroll labelled HASAHAUTTAARGH.
  5289 | D:5      | 5289 ||| DRINKING 3 golden potions.
  5313 | D:6      | 5313 ||| PLANNING OSSUARY
  5375 | D:6      | Reached skill level 1 in Invocations
  5395 | D:6      | 5395 ||| INVOKING Heroism.
  5424 | D:6      | 5424 ||| INVOKING Heroism.
  5428 | D:6      | HP: 13/61 [centaur/arrow (3)]
  5428 | D:6      | HP: 6/61 [centaur/arrow (7)]
  5429 | D:6      | 5429 ||| DRINKING 2 potions of heal wounds.
  5432 | D:6      | Reached XP level 8. HP: 25/69 MP: 5/8
  5611 | D:6      | 5611 ||| INVOKING Heroism.
  5623 | D:6      | Reached skill level 3 in Invocations
  5670 | D:6      | 5670 ||| INVOKING Heroism.
  5670 | D:6      | HP: 14/69 [vampire mosquito (6)]
  5671 | D:6      | 5671 ||| READING scroll of teleportation.
  5671 | D:6      | HP: 3/69 [vampire mosquito (4)]
  5672 | D:6      | 5672 ||| DRINKING potion of heal wounds.
  5673 | D:6      | Reached skill level 9 in Ranged Weapons
  5730 | D:6      | 5730 ||| INVOKING Heroism.
  5734 | D:6      | Reached skill level 3 in Dodging
  5766 | D:6      | 5766 ||| INVOKING Heroism.
  5773 | D:6      | Reached skill level 6 in Fighting
  5813 | D:6      | 5813 ||| INVOKING Heroism.
  5902 | D:6      | 5902 ||| INVOKING Heroism.
  5905 | D:6      | HP: 11/68 [wight/+4 spear (8)]
  5961 | D:6      | 5961 ||| INVOKING Heroism.
  5964 | D:6      | Reached skill level 10 in Ranged Weapons
  5991 | D:6      | 5991 ||| RIP OSSUARY
  6100 | D:6      | 6100 ||| PLANNING D:1-11
  6114 | D:6      | 6114 ||| READING scroll of enchant armour.
  6114 | D:6      | 6114 ||| ENCHANTING +0 pair of boots.
  6405 | D:6      | Found an ancient bone altar of Kikubaaqudgha.
  6438 | D:6      | Reached XP level 9. HP: 42/78 MP: 11/11
  6785 | D:6      | Found a sparkling altar of Nemelex Xobeh.
  7123 | D:6      | 7123 ||| READING scroll labelled NANAASSISO.
  7124 | D:6      | 7124 ||| DRINKING 2 dark potions.
  7134 | D:6      | 7134 ||| INVOKING Heroism.
  7288 | D:7      | Found Xiqek's Weapon Emporium.
  7466 | D:7      | Reached skill level 11 in Ranged Weapons
  7515 | D:7      | Found Gontijod's Weapon Shop.
  7535 | D:7      | 7535 ||| INVOKING Heroism.
  7542 | D:7      | Reached skill level 3 in Armour
  7579 | D:7      | Found Qunuf's Assorted Antiques.
  7594 | D:7      | 7594 ||| BUYING cloak (99 gold).
  7594 | D:7      | Bought a cloak for 99 gold pieces
  7594 | D:7      | 7594 ||| BUYING fuming white potion (19 gold).
  7594 | D:7      | Bought a fuming white potion for 19 gold pieces
  7594 | D:7      | 7594 ||| BUYING longbow (143 gold).
  7594 | D:7      | Bought a longbow for 143 gold pieces
  7594 | D:7      | 7594 ||| SHOPLISTING pair of gloves (99 gold, have 77).
  7594 | D:7      | 7594 ||| BUYING scroll of identify (44 gold).
  7594 | D:7      | Bought a scroll of identify for 44 gold pieces
  7594 | D:7      | 7594 ||| SHOPLISTING scroll of identify (44 gold, have 33).
  7594 | D:7      | 7594 ||| SHOPLISTING twisted steel ring (110 gold, have
                  | 33).
  7594 | D:7      | 7594 ||| SWAPPING to +0 longbow.
  7595 | D:7      | 7595 ||| DROPPING +0 orcbow.
  7635 | D:7      | 7635 ||| INVOKING Heroism.
  7767 | D:7      | 7767 ||| Stepping ~*~*~tactically~*~*~ (outnumbered).
  7772 | D:7      | 7772 ||| INVOKING Heroism.
  7778 | D:7      | HP: 12/79 [gnoll sergeant/+0 spear (11)]
  7779 | D:7      | 7779 ||| READING 2 scrolls of teleportation.
  7781 | D:7      | HP: 2/79 [gnoll sergeant/+0 spear (5)]
  8047 | D:7      | 8047 ||| INVOKING Heroism.
  8195 | D:7      | Reached skill level 12 in Ranged Weapons
  8458 | D:7      | Found a radiant altar of Vehumet.
  8463 | D:7      | Found a white marble altar of Elyvilon.
  8466 | D:7      | Found a shadowy altar of Dithmenos.
  8490 | D:7      | Noticed a komodo dragon
  8491 | D:7      | 8491 ||| Stepping ~*~*~tactically~*~*~ (outnumbered).
  8493 | D:7      | 8493 ||| INVOKING Heroism.
  8496 | D:7      | HP: 8/81 [komodo dragon (27)]
  8497 | D:7      | 8497 ||| READING scroll of teleportation.
  8498 | D:7      | HP: 2/81 [poisoned by a killer bee]
  8498 | D:7      | Demolished by a komodo dragon

Levels and vault maps discovered:
D:1:      nicolae_arrival_somewhat_less_tricky_arrival, layout_basic
D:2:      layout_loops_ring, minmay_liquid_box, minmay_splitting_lines,
          kennysheep_crisscross, nicolae_elevator_lobby_asterisk
D:3:      minmay_general_purpose_star, layout_loops_corners,
          shapermc_ecumenical_altar_notcrosses, uniq_robin, uniq_grinder
D:4:      layout_cave_pods, doesnt_xom_only_xom, minmay_temple_entry_poolview
D:5:      layout_loops_ring, uniq_crazy_yiuf_cottage
D:6:      layout_loops_ring, old_standard_altar,
          lemuel_mausoleum_altar_kikubaaqudgha, enter_ossuary_1,
          grunt_tough_drop
D:7:      cheibrodos_barr_body, layout_basic, minmay_overflow_temple_star_quad,
          serial_shops, nicolae_diamond_shop, shop,
          nicolae_shop_bloodbath_and_beyond, serial_undead, serial_undead_b,
          serial_undead_f, serial_undead_b, serial_undead_e
Temple:   bh_familiar_temple

Skill      XL: |  1  2  3  4  5  6  7  8  9 |
---------------+----------------------------+-----
Ranged Weapons | 3 4 5 6 8 10 12 | 12.0
Fighting       | 2 5 6 8 |  8.0
Armour         | 2 3 |  3.1
Invocations    | 2 4 |  4.0
Dodging        | 3 4 |  4.0
Spellcasting   | |  1.0
Hexes          | |  2.0

Action                     |  1- 3 |  4- 6 |  7- 9 || total
---------------------------+-------+-------+-------++-------
   Fire: Sling             |   110 |   179 |    22 ||   311
         Orcbow            |       |       |   277 ||   277
         Longbow           |       |       |    71 ||    71
 Invoke: Heroism           |       |       |    16 ||    16
    Use: Scroll            |     8 |     2 |     6 ||    16
         Potion            |     1 |     3 |     4 ||     8
 Armour: Robe              |     8 |     5 |       ||    13
         Leather armour    |       |     6 |       ||     6
         Ring mail         |       |       |    79 ||    79
  Dodge: Dodged            |    19 |    46 |   166 ||   231

Table legend:
 A = Non-vault XP
 B = Vault XP
 C = Vault XP percentage of total XP
 D = Non-vault monster count
 E = Vault monster count
 F = Vault count percentage of total count
                 A         B        C        D         E       F
            +---------+---------+-------+---------+---------+-------
      Total |    2739 |    2284 |  45.5 |     113 |      51 |  31.1
            +---------+---------+-------+---------+---------+-------
        D:1 |      43 |       0 |   0.0 |      25 |       0 |   0.0
        D:2 |      52 |       0 |   0.0 |      16 |       0 |   0.0
        D:3 |      67 |     292 |  81.3 |      17 |      19 |  52.8
        D:4 |     363 |       0 |   0.0 |      22 |       0 |   0.0
        D:5 |     370 |       0 |   0.0 |       8 |       0 |   0.0
        D:6 |    1503 |     857 |  36.3 |      21 |      15 |  41.7
        D:7 |     341 |    1135 |  76.9 |       4 |      17 |  81.0
            +---------+---------+-------+---------+---------+-------
